Map: Galactic Process LE

Players

Tenonee

  • Race: Terran Terran
  • League: Diamond

husband - Winner!

  • Race: Protoss Protoss
  • League: Diamond

VOD

Have the link to the VOD?

Description

Time

  • Played on: July 29, 2016, 11:26 a.m.
  • Length: 4:39
Show
View Real Time Build Order
Export as new Build Order

Tenonee Terran 

Build Orders:  

Get SALT Encoding   

  12  0:02  SCV  
  14  0:14  SCV  
  14  0:18  Supply Depot  
  14  0:26  SCV  
  15  0:39  SCV  
  15  0:41  Barracks  
  16  0:51  SCV  
  17  1:01  Supply Depot  
  17  1:03  SCV  
  18  1:15  SCV  
  19  1:28  Orbital Command  
  19  1:29  Marine  
  20  1:47  Marine  
  20  1:49  Barracks  
  21  1:54  SCV  
  22  2:10  Barracks  
  22  2:11  SCV  
  22  2:12  Command Center  
  23  2:18  Marine  
  24  2:23  SCV  
  24  2:28  Refinery  
  24  2:29  Refinery  
  25  2:36  Marine  
  26  2:39  Marine  
  27  2:44  SCV  
  28  2:56  SCV  
  28  2:58  Marine  
  30  2:59  Marine  
  30  3:05  Supply Depot  
  31  3:18  Barracks Tech Lab, Bunker  
  31  3:24  Marine x2, SCV  
  31  3:26  Orbital Command  
  34  3:36  SCV  
  35  3:41  Marine  
  35  3:42  Marauder  
  35  3:48  SCV, Factory  
  39  4:00  SCV  
  39  4:12  Marine x2  
  39  4:15  SCV  
  39  4:16  SCV  
  41  4:21  Bunker  
Show
View Real Time Build Order
Export as new Build Order

husband Protoss - Winner!

Build Orders: Mass Adepts 

Get SALT Encoding   

  12  0:02  Probe (Chrono Boost)  
  13  0:13  Probe (Chrono Boost)  
  14  0:23  Probe (Chrono Boost)  
  14  0:25  Pylon  
  15  0:43  Probe (Chrono Boost), Gateway  
  16  0:50  Assimilator  
  16  0:54  Probe (Chrono Boost)  
  16  0:57  Pylon  
  17  1:04  Probe (Chrono Boost)  
  18  1:16  Probe (Chrono Boost)  
  19  1:27  Probe (Chrono Boost)  
  19  1:28  Zealot  
  19  1:31  Cybernetics Core  
  22  1:47  Gateway  
  22  1:49  Gateway  
  22  1:56  Warp Gate  
  22  2:01  Gateway  
  22  2:13  Mothership Core (Chrono Boost)  
  24  2:22  Pylon  
  24  2:38  Adept x3  
  30  2:45  Pylon  
  30  2:55  Gateway  
  30  2:57  Pylon  
  30  3:06  Adept x2  
  30  3:11  Adept  
  36  3:16  Adept  
  38  3:49  Pylon  
  38  4:01  Adept x4  
  40  4:21  Adept x3  
  40  4:22  Zealot  
Tags
 
Add a new tag
Caveats
  • Supply blocks, unpowered buildings, or Contaminate may cause inaccurate times.
  • Supply counts are checked every 10 seconds.